AoeStats
← YO HOKAGE

African Clearing

510670490Analyzed
2v2 RM · 6h ago on Oct 2, 2026· 52m 20s· 4 players
Game mode
Random Map
Map size
Medium (4 player)
Population
200
Speed
Normal
Resources
Standard
Victory
Conquest
Starting age
Dark Age
Ending age
Imperial Age
RankedLock teamsTeams togetherTeam positionsShared explorationLock speedFull tech treeHidden civsTurbo modeCheats
Victory
Defeat
🇦🇷 Tupi · Argentina
1462
+12
🇦🇷 Khmer · Argentina
1153
+85
🇵🇪 Mongols · Peru
1365
-18
🇵🇪 Huns · Peru
1364
-19
ramiromartinez0507
12:23 Feudal Age
13:10 Double-Bit Axe
15:28 Loom
34:03 Castle Age
36:36 Bow Saw
39:33 Wheelbarrow
40:56 Light Cavalry
45:44 Scale Mail Armor
45:19 Pikeman
51:16 Ballistics
52:36 Horse Collar
MauV
13:24 Feudal Age
14:31 Loom
17:23 Castle Age
16:01 Fletching
15:58 Double-Bit Axe
18:09 Bodkin Arrow
23:46 Gold Mining
28:35 Horse Collar
29:06 Bow Saw
32:21 Town Watch
33:47 Stone Mining
36:38 Wheelbarrow
36:43 Ballistics
40:44 Imperial Age
38:58 Squires
38:19 Champi Runner
39:00 Scale Mail Armor
40:06 Champi Warrior
41:03 Elite Champi Warrior
42:02 Chain Mail Armor
41:16 Capped Ram
43:55 Plate Mail Armor
45:43 Hand Cart
46:33 Conscription
49:28 Forging
49:15 Treadmill Crane
49:48 Bracer
53:24 Two-Man Saw
53:00 Gold Shaft Mining
52:26 Heavy Plow
53:27 Iron Casting
YO HOKAGE
5:02 Loom
11:54 Feudal Age
13:38 Double-Bit Axe
17:49 Town Watch
18:41 Horse Collar
21:23 Fletching
24:15 Castle Age
25:23 Bodkin Arrow
27:14 Bow Saw
27:18 Elite Skirmisher
29:42 Padded Archer Armor
32:18 Heavy Plow
34:41 Leather Archer Armor
36:00 Bloodlines
35:50 Husbandry
37:41 Scale Barding Armor
37:46 Forging
41:42 Imperial Age
38:38 Light Cavalry
41:15 Wheelbarrow
41:06 Chain Barding Armor
41:22 Iron Casting
42:14 Gold Mining
42:15 Stone Mining
42:14 Heavy Scorpion
45:19 Ballistics
46:46 Conscription
FC_FINE02
9:05 Loom
11:48 Feudal Age
13:05 Double-Bit Axe
13:02 Horse Collar
22:15 Castle Age
21:04 Scale Barding Armor
21:32 Forging
22:16 Bloodlines
49:09 Wheelbarrow
Connection lost

Rejoining the realm…

Still unreachable

The connection could not be restored.

Session expired

The server has moved on; the page needs a fresh start.